 Dungeon Crawl Stone Soup version 0.30.0-29-ga12c61a403 (webtiles) character file.

Game seed: 5943491346912140178

39563 Elmgren the Warrior (level 13, 0/126 (133) HPs)
             Began as a Minotaur Fighter on June 21, 2023.
             Was a High Priest of Okawaru.
             Slain by a skyshark (5 damage)
             ... on level 4 of the Lair of Beasts.
             The game lasted 00:28:18 (15278 turns).

Elmgren the Warrior (Minotaur Fighter)             Turns: 15278, Time: 00:28:18

HP:   0/126 (133)   AC: 23    Str: 37    XL:     13   Next: 69%
MP:   10/12         EV: 12    Int:  5    God:    Okawaru [*****.]
Gold: 757           SH: 12    Dex: 20    Spells: 12/12 levels left

rFire   . . .        A - +5 hand axe "Boconabb" {freeze, Dex+3}
rCold   + . .        E - +0 kite shield
rNeg    . . .        G - +0 plate armour
rPois   +            I - +0 hat "Fom Reoq" {+Inv rElec rF+}
rElec   +            v - +0 cloak
rCorr   .            (no gloves)
SInv    .            j - +1 pair of boots {rampage}
Will    .....        g - amulet of Ru's Envy {rC+ Regen+ Str+5} Stlth
                     D - ring of poison resistance {rP+}
HPRegen 1.21/turn    B - ring "Umoac" {rF- Str+6 Dex+7}
MPRegen 0.13/turn

%: rampage
@: heroic, drained
A: horns 2, retaliatory headbutt
a: Renounce Religion, Evoke Invisibility, Heroism, Finesse, Duel


You were on level 4 of the Lair of Beasts.
You worshipped Okawaru.
Okawaru was extremely pleased with you.
You visited 2 branches of the dungeon, and saw 16 of its levels.

You collected 1411 gold pieces.
You spent 654 gold pieces at shops.

Inventory:

Hand Weapons
 A - the +5 hand axe "Boconabb" (weapon) {freeze, Dex+3}
   (You found it on level 6 of the Dungeon)

   Dex:       It affects your dexterity (+3).
Missiles
 e - 2 boomerangs of dispersal {=f}
Armour
 j - a +1 pair of boots of rampaging (worn)
   (Okawaru gifted it to you on level 1 of the Lair of Beasts)
 v - a +0 cloak (worn)
   (You took it off Crazy Yiuf on level 4 of the Dungeon)
 E - a +0 kite shield (worn)
   (You took it off a gnoll sergeant on level 9 of the Dungeon)
 G - a +0 plate armour (worn)
   (You found it on level 10 of the Dungeon)
 I - the +0 hat "Fom Reoq" (worn) {+Inv rElec rF+}
   (Okawaru gifted it to you on level 5 of the Lair of Beasts)

   rF:        It protects you from fire.
   rElec:     It insulates you from electricity.
   +Inv:      It lets you turn invisible.
Magical Staves
 x - a staff of earth
   (You found it on level 2 of the Lair of Beasts)
Jewellery
 g - the amulet of Ru's Envy (around neck) {rC+ Regen+ Str+5}
   (You bought it in a shop on level 11 of the Dungeon)

   [amulet of regeneration]

   Str:       It affects your strength (+5).
   rC:        It protects you from cold.
   Regen:     It increases your rate of health regeneration.
 m - a ring of see invisible {sInv}
   (You found it on level 9 of the Dungeon)
 w - a ring of resist corrosion
   (You found it on level 1 of the Lair of Beasts)
 z - an amulet of guardian spirit
   (You found it on level 2 of the Lair of Beasts)
 B - the ring "Umoac" (right hand) {rF- Str+6 Dex+7}
   (You found it on level 9 of the Dungeon)

   [ring of strength]

   Str:       It affects your strength (+6).
   Dex:       It affects your dexterity (+7).
   rF:        It makes you vulnerable to fire.
 D - a ring of poison resistance (left hand) {rP+}
   (You found it on level 2 of the Lair of Beasts)
 F - a ring of protection from fire {rF+}
   (You found it on level 3 of the Lair of Beasts)
 J - a ring of wizardry {wiz+}
   (You found it on level 3 of the Lair of Beasts)
Wands
 a - a wand of iceblast (25)
   (You found it on level 5 of the Dungeon)
 n - a wand of flame (54)
   (You took it off Natasha on level 2 of the Dungeon)
 s - a wand of polymorph (13)
   (You found it on level 4 of the Dungeon)
 K - a wand of digging (6)
   (You found it on level 5 of the Lair of Beasts)
Scrolls
 b - a scroll of amnesia
 r - 4 scrolls of teleportation {!r!d, @r3}
 u - a scroll of magic mapping {!r}
 y - a scroll of enchant weapon
Potions
 c - 3 potions of flight
 d - 4 potions of might
 f - 4 potions of haste
 h - a potion of invisibility {unknown}
 i - 12 potions of curing {@q1, !d}
 k - 4 potions of attraction {!q}
 l - 2 potions of degeneration {!q}
 o - 2 potions of magic
 p - a potion of lignification {!q}
 q - 2 potions of ambrosia
 C - 3 potions of resistance
 H - 2 potions of mutation {!q}


   Skills:
 + Level 17.6(22.6) Fighting
 + Level 17.1(22.2) Axes
 - Level 2.6(16.5) Maces & Flails
 + Level 14.7(19.7) Armour
 - Level 3.6(8.6) Shields


You had 12 spell levels left.
You didn't know any spells.
Your spell library contained the following spells:

 Spells                   Type           Power      Damage    Failure   Level
 Sting                    Tmut/Pois      0%         1d3       95%         1
 Cigotuvi's Dreadful Rot  Necr/Pois/Air  0%         N/A       98%         2
 Ensorcelled Hibernation  Hex/Ice        0%         N/A       98%         2
 Passwall                 Tmut/Erth      0%         N/A       98%         2
 Poisonous Vapours        Pois/Air       0%         N/A       98%         2
 Frozen Ramparts          Ice            0%         1d1       100%        3
 Hailstorm                Conj/Ice       0%         3d3       100%        3
 Ignite Poison            Fire/Tmut/Pois 0%         N/A       100%        3
 Portal Projectile        Hex/Tloc       0%         N/A       100%        3
 Swiftness                Air            0%         N/A       100%        3
 Ice Form                 Ice/Tmut       0%         N/A       100%        4
 Leda's Liquefaction      Hex/Erth       0%         N/A       100%        4
 Manifold Assault         Tloc           0%         N/A       100%        4
 Olgreb's Toxic Radiance  Pois           0%         N/A       100%        4
 Freezing Cloud           Conj/Ice/Air   0%         6-21      100%        5
 Dispersal                Tloc           0%         N/A       100%        6
 Disjunction              Tloc           0%         N/A       100%        8
 Call Canine Familiar     Summ           Unusable   N/A       N/A         3
 Summon Ice Beast         Ice/Summ       Unusable   N/A       N/A         4
 Simulacrum               Ice/Necr       Unusable   N/A       N/A         6

Dungeon Overview and Level Annotations

Branches:
Dungeon (11/15)            Temple (0/1) D:7            Lair (5/5) D:9
  Swamp (0/4) Lair:2        Snake (0/4) Lair:2        Slime (0/5) Lair:4
    Orc (0/2) D:11

Altars:
Ashenzari
Cheibriados
Gozag
Hepliaklqana
Makhleb
Nemelex Xobeh
Okawaru
Qazlal
Ru
Trog
Xom
Yredelemnul
Zin
Jiyva

Shops:
D:1 *   D:5 :   D:10 (   D:11 ([=

Annotations:
Lair:3 2 transporters
Lair:4 1 runed translucent door, vfn1303's ghost, journeyman DrBe


Innate Abilities, Weirdness & Mutations

You have a pair of horns on your head.
You reflexively headbutt those who attack you in melee.


Message History

You block the skyshark's attack.
The skyshark tail-slaps you but does no damage.
The komodo dragon bites you!!
* * * LOW HITPOINT WARNING * * *
The water moccasin bites you but does no damage.
You take 29 damage, and have 28/133 hp.
MASSIVE DAMAGE!!
You now have 10/12 mp.
You hit the elephant. You freeze the elephant. You headbutt the elephant!
You miss the water moccasin. You hit the skyshark. You freeze the skyshark.
You hit the komodo dragon. You freeze the komodo dragon. You hit the elephant.
You freeze the elephant. You hit the elephant. You freeze the elephant.
You slice the sea snake!!
The sea snake seems to slow down.
You freeze the sea snake. The skyshark closely misses you.
You block the skyshark's attack.
The skyshark tail-slaps you but does no damage.
The elephant tramples you but does no damage.
The elephant barely misses you. The elephant tramples you!
* * * LOW HITPOINT WARNING * * *
You hold your ground!
The elephant barely misses you. You block the elephant's attack.
The elephant barely misses you. The sea snake closely misses you.
You furiously retaliate!
You headbutt the sea snake!
You take 7 damage, and have 21/133 hp.
Okay, then.
You feel much better. You block the water moccasin's attack.
The komodo dragon bites you but does no damage.
The skyshark bites you but does no damage.
You block the skyshark's attack. The skyshark tail-slaps you.
The water moccasin bites you but does no damage.
The elephant tramples you but does no damage.
The elephant trunk-slaps you but does no damage.
You block the elephant's attack.
The elephant trunk-slaps you but does no damage.
The elephant tramples you but does no damage.
The elephant completely misses you.
You regained 20 hp, and now have 41/133 hp.
You feel much better.
The sea snake is no longer moving slowly.
You block the skyshark's attack. x2; The skyshark misses you.
The komodo dragon bites you but does no damage.
The sea snake bites you! You block the water moccasin's attack.
The skyshark bites you!
* * * LOW HITPOINT WARNING * * *
The skyshark barely misses you. The skyshark misses you.
The elephant tramples you.
* * * LOW HITPOINT WARNING * * *
You hold your ground!
You block the elephant's attack. The elephant tramples you!
* * * LOW HITPOINT WARNING * * *
You hold your ground!
The elephant trunk-slaps you but does no damage.
The elephant tramples you!
* * * LOW HITPOINT WARNING * * *
You hold your ground!
The elephant completely misses you.
You take 24 damage, and have 17/133 hp.
Okay, then.
Okay, then.
You feel drained.
You fail to use your ability.
The water moccasin bites you but does no damage.
The sea snake completely misses you. The komodo dragon barely misses you.
The skyshark barely misses you. You furiously retaliate!
You headbutt the skyshark! You block the skyshark's attack. x2
The elephant barely misses you. The elephant trunk-slaps you.
* * * LOW HITPOINT WARNING * * *
The elephant tramples you but does no damage.
The elephant trunk-slaps you but does no damage.
The elephant closely misses you.
The elephant trunk-slaps you but does no damage.
You block the water moccasin's attack.
You miss the sea snake. You headbutt the sea snake! You slash the elephant!
You freeze the elephant! You hit the water moccasin.
You freeze the water moccasin. You hit the skyshark.
The skyshark seems to slow down.
You freeze the skyshark. You hit the komodo dragon.
The komodo dragon seems to slow down.
You freeze the komodo dragon. You completely miss the elephant.
You slash the elephant! You freeze the elephant. The sea snake misses you.
The skyshark bites you!
* * * LOW HITPOINT WARNING * * *
The skyshark misses you. You block the skyshark's attack.
The komodo dragon barely misses you.
The water moccasin bites you but does no damage.
You take 12 damage, and have 5/122 hp.
You slice the sea snake!! You freeze the sea snake.
You kill the sea snake!
Okawaru accepts your kill.
You slash the elephant! You freeze the elephant. You slash the water moccasin!
The water moccasin seems to slow down.
You freeze the water moccasin! You hit the skyshark.
The skyshark seems to slow down.
You freeze the skyshark. You hit the komodo dragon.
The komodo dragon seems to slow down.
You freeze the komodo dragon. You slash the elephant! You freeze the elephant.
You hit the elephant. You freeze the elephant. The elephant barely misses you.
The elephant trunk-slaps you but does no damage.
The elephant barely misses you. You block the elephant's attack. x2
The elephant trunk-slaps you but does no damage.
You block the skyshark's attack. The skyshark barely misses you.
The skyshark tail-slaps you but does no damage.
The skyshark attacks as you move away!
The skyshark bites you but does no damage.
You block the skyshark's attack. The skyshark tail-slaps you.
You die...

#####..####.#.....#...........#..
P..#..............##.......⌠.....
.......†......../..##............
....................##..⌠..>..⌠..
.......†.............##.........#
...........#.##.......##...⌠....#
.##....##..#####........#......#.
.......###....#lY†......###+##..#
........##.....#@Y..#.+###...##..
.##....#....(P.lYS..##.##.....#.#
.##............(....##(.#⌠.>.⌠#.#
.##....(..P.............#.....#..
.##..................#.###.⌠..#..
###.................###.#.#.#...#
..#....(....P...................#
....†...........................#
..†.††...........................


You could see a skyshark (berserk, slow), 3 elephants, a komodo dragon (slow)
and a water moccasin (slow).

Vanquished Creatures
  5 hydras (Lair:2 Lair:3 Lair:4 Lair:5)
  3 two-headed ogres (D:11)
  5 death yaks (Lair:4)
  A skyshark (Lair:2)
  A sea snake (Lair:4)
  An ugly thing (D:11)
  4 cyclopes (D:8 D:11)
  7 black mambas (Lair:1 Lair:2 Lair:3 Lair:5)
  4 elephants (Lair:2)
  9 cane toads (Lair:1 Lair:2 Lair:4 Lair:5)
  An unseen horror (D:10)
  Psyche (D:10)
  A torpor snail (Lair:4)
  6 komodo dragons (Lair:1 Lair:4 Lair:5)
  2 trolls (D:8 D:9)
  A polar bear (Lair:4)
  Prince Ribbit (D:6)
  17 blink frogs (Lair:1 Lair:2 Lair:4 Lair:5)
  2 hornets (D:8 D:9)
  6 wyverns (D:7 D:8 D:11 Lair:1 Lair:5)
  A fire elemental (Lair:3)
  40 yaks (D:10 Lair:1 Lair:2 Lair:4 Lair:5)
  2 vampires (D:10)
  3 basilisks (Lair:2 Lair:4)
  A steam dragon (D:8)
  4 vampire mosquitoes (D:10)
  2 acid dragons (D:9 D:10)
  16 water moccasins (D:3 Lair:1 Lair:2 Lair:5)
  An ice beast (D:8)
  7 orc warriors (D:9 D:10 D:11)
  2 black bears (D:5 D:8)
  2 sky beasts (D:7 D:8)
  2 ogres (D:5 D:6)
  10 wolves (Lair:1 Lair:4 Lair:5)
  3 centaurs (D:5 D:8 D:9)
  2 kobold brigands (D:8 D:9)
  2 phantoms (D:6)
  13 bullfrogs (D:6 D:7 Lair:1 Lair:2 Lair:3)
  4 scorpions (D:5)
  2 gnoll sergeants (D:8 D:9)
  19 wights (D:6 D:7 D:10)
  6 killer bees (D:8 D:11)
  3 jellies (D:6 D:8)
  Crazy Yiuf (D:4)
  3 orc priests (D:3 D:8 D:11)
  2 hounds (D:5)
  An iron imp (D:6)
  A gnoll bouda (D:8)
  2 sleepcaps (D:8)
  Natasha (thrice) (D:2)
  3 iguanas (D:5 Lair:2)
  14 orc wizards (D:3 D:5 D:8 D:9 D:10)
  3 adders (D:2 D:3 D:5)
  5 gnolls (D:5 D:9)
  2 shadow imps (D:7 D:8)
  3 white imps (D:5 D:7)
  3 ufetubi (D:4 D:5 D:6)
  3 dart slugs (D:1 D:2)
  29 orcs (D:3 D:5 D:6 D:7 D:8)
  4 ball pythons (D:1 D:2 D:3)
  6 endoplasms (D:1 D:2 D:3)
  2 giant cockroaches (D:1 D:2)
  7 hobgoblins (D:1 D:2 D:4)
  4 jackals (D:4)
  3 quokkas (D:1 D:3)
  2 bats (D:3)
  4 frilled lizards (D:1 D:2 D:3)
  5 goblins (D:1 D:2 D:3)
  10 kobolds (D:1 D:2 D:3 D:9)
  5 rats (D:1 D:2)
355 creatures vanquished.

Vanquished Creatures (others)
  A butterfly (Lair:3)
1 creature vanquished.

Grand Total: 356 creatures vanquished

Notes
Turn   | Place    | Note
-------+----------+-------------------------------------------
     0 | D:1      | Elmgren the Minotaur Fighter began the quest for the Orb.
     0 | D:1      | Reached XP level 1. HP: 19/19 MP: 0/0
    16 | D:1      | Found Faceir's General Store.
   240 | D:1      | Reached skill level 4 in Fighting
   240 | D:1      | Reached skill level 1 in Axes
   244 | D:1      | Reached XP level 2. HP: 25/27 MP: 1/1
   762 | D:2      | Reached skill level 2 in Axes
   779 | D:2      | Reached XP level 3. HP: 34/34 MP: 2/2
   935 | D:2      | Found a faded altar of an unknown god.
  1069 | D:2      | Noticed Natasha
  1074 | D:2      | HP: 17/34 [Natasha (8)]
  1076 | D:2      | Killed Natasha
  1077 | D:2      | Reached skill level 5 in Fighting
  1077 | D:2      | Reached skill level 3 in Axes
  1077 | D:2      | Reached XP level 4. HP: 21/42 MP: 3/3
  1078 | D:2      | Noticed Natasha
  1083 | D:2      | Killed Natasha
  1204 | D:2      | Noticed Natasha
  1208 | D:2      | Killed Natasha
  1525 | D:3      | Found a bloodstained altar of Trog.
  1561 | D:3      | Reached XP level 5. HP: 46/49 MP: 4/4
  1567 | D:3      | HP: 24/49 [orc priest/+0 flail (2)]
  1571 | D:3      | Reached skill level 4 in Axes
  1574 | D:3      | HP: 14/50 [orc priest/+0 flail (2)]
  1578 | D:3      | Reached skill level 6 in Fighting
  1777 | D:3      | Found a sacrificial altar of Ru.
  1780 | D:3      | Noticed a water moccasin
  1788 | D:3      | Killed a water moccasin
  1789 | D:3      | Reached skill level 5 in Axes
  1789 | D:3      | Reached XP level 6. HP: 48/58 MP: 5/5
  2567 | D:4      | Found a runed translucent door.
  2568 | D:4      | Noticed Crazy Yiuf
  2981 | D:4      | Killed Crazy Yiuf
  3062 | D:5      | Entered Level 5 of the Dungeon
  3065 | D:5      | Found Qomoufau's Book Shoppe.
  3068 | D:5      | Reached skill level 7 in Fighting
  3164 | D:5      | Found a broken altar of Ashenzari.
  3164 | D:5      | Found a sparkling altar of Nemelex Xobeh.
  3165 | D:5      | Found an iron altar of Okawaru.
  3408 | D:5      | HP: 29/60 [centaur (5)]
  3411 | D:5      | Reached skill level 6 in Axes
  3411 | D:5      | Reached XP level 7. HP: 22/66 MP: 6/6
  3416 | D:5      | HP: 19/66 [gnoll/+0 spear (4)]
  3639 | D:5      | Reached skill level 8 in Fighting
  3643 | D:5      | Reached skill level 7 in Axes
  3824 | D:5      | Reached XP level 8. HP: 60/75 MP: 7/7
  3980 | D:5      | Found a stormy altar of Qazlal.
  4118 | D:5      | Found an opulent altar of Gozag.
  4472 | D:5      | Became a worshipper of Warmaster Okawaru
  4543 | D:6      | Reached skill level 9 in Fighting
  4543 | D:6      | Reached skill level 8 in Axes
  4576 | D:6      | HP: 36/78 [wight/+2 battleaxe (14)]
  4834 | D:6      | Noticed Prince Ribbit
  4841 | D:6      | Killed Prince Ribbit
  4841 | D:6      | Reached * piety under Okawaru
  4842 | D:6      | Reached skill level 10 in Fighting
  4842 | D:6      | Reached skill level 9 in Axes
  5197 | D:6      | Identified the +5 hand axe "Boconabb" {freeze, Dex+3}
  5250 | D:6      | Found a snail-covered altar of Cheibriados.
  5562 | D:7      | Reached XP level 9. HP: 71/86 MP: 8/8
  5565 | D:7      | Reached skill level 10 in Axes
  5742 | D:7      | Found a staircase to the Ecumenical Temple.
  5910 | D:7      | Found a shimmering altar of Xom.
  5921 | D:7      | Found a burning altar of Makhleb.
  5923 | D:7      | Reached ** piety under Okawaru
  5924 | D:7      | Reached skill level 11 in Fighting
  5924 | D:7      | Reached skill level 4 in Armour
  6274 | D:8      | Reached skill level 5 in Armour
  6418 | D:8      | Noticed a cyclops
  6432 | D:8      | Killed a cyclops
  6432 | D:8      | Reached *** piety under Okawaru
  6433 | D:8      | Reached skill level 11 in Axes
  6433 | D:8      | Reached skill level 6 in Armour
  6464 | D:8      | Reached skill level 12 in Fighting
  6566 | D:8      | Noticed a troll
  6582 | D:8      | Killed a troll
  6583 | D:8      | Reached XP level 10. HP: 84/97 MP: 9/9
  6654 | D:8      | Found a hazy altar of Hepliaklqana.
  7455 | D:9      | Paralysed by a hornet for 2 turns
  7459 | D:9      | HP: 35/99 [orc warrior/+0 glaive (15)]
  7461 | D:9      | Reached skill level 7 in Armour
  7463 | D:9      | Reached **** piety under Okawaru
  7945 | D:9      | Found a basalt altar of Yredelemnul.
  7970 | D:9      | Found a staircase to the Lair.
  8049 | D:9      | Reached skill level 12 in Axes
  8165 | D:9      | Found a glowing silver altar of Zin.
  8216 | D:9      | Identified the ring "Umoac" {rF- Str+6 Dex+7}
  8393 | D:10     | Entered Level 10 of the Dungeon
  8414 | D:10     | Found Ywnoyfed's Antique Weapon Shoppe.
  8479 | D:10     | Reached skill level 8 in Armour
  8480 | D:10     | Reached skill level 13 in Fighting
  8484 | D:10     | Noticed Psyche
  8526 | D:10     | HP: 50/101 [orc wizard/puff of flame (18)]
  8657 | D:10     | Killed Psyche
  8657 | D:10     | Reached ***** piety under Okawaru
  8793 | D:10     | Received a gift from Okawaru
  8862 | D:10     | Reached skill level 9 in Armour
  8871 | D:10     | Reached XP level 11. HP: 80/103 MP: 8/10
  9117 | D:10     | Reached skill level 13 in Axes
  9786 | D:11     | Found a frozen archway.
  9800 | D:11     | Noticed a two-headed ogre
  9808 | D:11     | Killed a two-headed ogre
  9845 | D:11     | Found Ziekoj's Armour Shop.
  9845 | D:11     | Found a staircase to the Orcish Mines.
  9845 | D:11     | Found Laumni's Weapon Shop.
 10144 | D:11     | HP: 38/108 [cyclops (21)]
 10150 | D:11     | HP: 35/108 [cyclops (8)]
 10152 | D:11     | Reached skill level 14 in Fighting
 10220 | D:11     | Noticed a green ugly thing
 10226 | D:11     | Killed a green ugly thing
 10286 | D:11     | HP: 46/110 [cyclops (24)]
 10288 | D:11     | Reached skill level 10 in Armour
 10457 | D:11     | Noticed a two-headed ogre
 10461 | D:11     | Noticed a two-headed ogre
 10465 | D:11     | Killed a two-headed ogre
 10471 | D:11     | Killed a two-headed ogre
 10529 | D:11     | Found March's Jewellery Shop.
 10532 | D:11     | Bought the amulet of Ru's Envy {rC+ Regen+ Str+5} for 654
                  | gold pieces
 10780 | Lair:1   | Entered Level 1 of the Lair of Beasts
 10873 | Lair:1   | Reached skill level 14 in Axes
 10897 | Lair:1   | HP: 53/111 [wolf (5)]
 10899 | Lair:1   | Reached skill level 11 in Armour
 10902 | Lair:1   | HP: 52/111 [poisoned by a cane toad]
 11093 | Lair:1   | Reached ****** piety under Okawaru
 11093 | Lair:1   | Received a gift from Okawaru
 11392 | Lair:1   | Reached skill level 15 in Fighting
 11467 | Lair:1   | Reached XP level 12. HP: 119/119 MP: 11/11
 11996 | Lair:2   | HP: 57/121 [cane toad (4)]
 12001 | Lair:2   | HP: 54/121 [poisoned by a cane toad]
 12024 | Lair:2   | Reached skill level 12 in Armour
 12029 | Lair:2   | Reached skill level 15 in Axes
 12199 | Lair:2   | HP: 60/121 [poisoned by a black mamba]
 12204 | Lair:2   | HP: 49/121 [poisoned by a black mamba]
 12209 | Lair:2   | HP: 49/121 [poisoned by a black mamba]
 12294 | Lair:2   | Found a staircase to the Snake Pit.
 12385 | Lair:2   | Reached skill level 16 in Fighting
 12635 | Lair:2   | Noticed a seven-headed hydra
 12650 | Lair:2   | Killed a ten-headed hydra
 12692 | Lair:2   | Found a staircase to the Swamp.
 12693 | Lair:2   | Noticed a four-headed hydra
 12700 | Lair:2   | Killed a nine-headed hydra
 12701 | Lair:2   | Reached skill level 13 in Armour
 13157 | Lair:3   | Received a gift from Okawaru
 13250 | Lair:3   | Noticed an eight-headed hydra
 13257 | Lair:3   | HP: 60/123 [13-headed hydra (8)]
 13260 | Lair:3   | Killed a 16-headed hydra
 13333 | Lair:3   | Found a transporter.
 13374 | Lair:3   | You fall into a shaft and drop 1 floor!
 13385 | Lair:4   | Reached skill level 16 in Axes
 13387 | Lair:4   | Reached XP level 13. HP: 123/130 MP: 9/12
 13510 | Lair:4   | Found a viscous altar of Jiyva.
 13510 | Lair:4   | Found a staircase to the Slime Pits.
 13703 | Lair:4   | HP: 61/130 [seven-headed hydra (7)]
 13709 | Lair:4   | Reached skill level 17 in Fighting
 13709 | Lair:4   | Reached skill level 14 in Armour
 13713 | Lair:4   | HP: 25/132 [polar bear (10)]
 13873 | Lair:4   | Found a runed translucent door.
 13881 | Lair:4   | Noticed vfn1303's ghost (journeyman DrBe)
 14565 | Lair:3   | Found a transporter.
 14766 | Lair:5   | Entered Level 5 of the Lair of Beasts
 14824 | Lair:5   | HP: 65/132 [12-headed hydra (5)]
 14826 | Lair:5   | Identified the +0 hat "Fom Reoq" {+Inv rElec rF+} (Okawaru
                  | gifted it to you on level 5 of the Lair of Beasts)
 14826 | Lair:5   | Received a gift from Okawaru
 14995 | Lair:5   | Reached skill level 17 in Axes
 15269 | Lair:5   | HP: 66/133 [skyshark (16)]
 15271 | Lair:4   | HP: 28/133 [komodo dragon (22)]
 15276 | Lair:4   | HP: 5/122 [skyshark (13)]
 15278 | Lair:4   | Slain by a skyshark

Illustrated notes

Levels and vault maps discovered:
D:1:      minmay_arrival_plants_in_alcoves, layout_loops_ring, serial_shops,
          nicolae_shop_tiny_glass, minmay_tiny_reverse_x
D:2:      layout_rooms, shapermc_ecumenical_altar_mp_urbaneastern, uniq_natasha
D:3:      layout_rooms, mainiacjoe_overflow_boulevard,
          mainiacjoe_overflow_six_doors_small, hangedman_abyss_or_decor_stabs
D:4:      layout_loops_ring, uniq_crazy_yiuf_cottage
D:5:      minmay_bubble_buster, layout_cave_pods, nicolae_gozag_seed_capital,
          mainiacjoe_overflow_alcove_1, gammafunk_temple_overflow_claw,
          serial_shops, shop
D:6:      layout_rooms, chei_slow_surprise, uniq_prince_ribbit1
D:7:      layout_cave_pools, lemuel_doored_altar, amcnicky_altar_gilded,
          minmay_temple_entry_water_ring, minmay_misc_feat_roman
D:8:      cheibrodos_barr_body, layout_basic, nicolae_hepliaklqana_hazy_memory
D:9:      layout_basic, yredelemnul_altar_generic, zin_statuary,
          lair_entry_dummy
D:10:     layout_loops_cross, serial_shops, shop, nicolae_twisting_strands,
          uniq_psyche
D:11:     layout_loops_ring, orc_david_3, portal_ice_cave_entry_pillars_2,
          serial_shops, nicolae_shop_window_shopping
Lair:1:   layout_loops_ring
Lair:2:   layout_hall_layers, palyth_hydra_swamp_entry,
          minmay_snake_entry_six_corridors, grunt_megastairs_5
Lair:3:   gammafunk_worm_tunnel, layout_gridlike, lemuel_fruit_fields
Lair:4:   layout_regular_city, slime_entry_1, ebering_ghost_reflecting_pool,
          lemuel_fruit_tree, grunt_megastairs_3
Lair:5:   gammafunk_lair_ancient_temple, layout_long_grid

Skill      XL: |  1  2  3  4  5  6  7  8  9 10 11 12 13 |
---------------+----------------------------------------+-----
Fighting       | 4 5 6 7 8 10 12 13 15 16 17 | 17.6
Axes           | 1 2 3 5 6 7 9 11 12 14 16 17 | 17.1
Armour         | 6 9 11 13 14 | 14.7
Maces & Flails | |  2.6
Shields        | |  3.6

Action                     |  1- 3 |  4- 6 |  7- 9 | 10-12 | 13-15 || total
---------------------------+-------+-------+-------+-------+-------++-------
  Melee: Hand axe          |    55 |    68 |   186 |   494 |   184 ||   987
         Flail             |     4 |       |       |       |       ||     4
         Headbutt          |     8 |    15 |    35 |   139 |    53 ||   250
 Invoke: Heroism           |       |       |     1 |    11 |     4 ||    16
         Finesse           |       |       |       |       |     1 ||     1
  Evoke: Wand              |       |       |       |     4 |       ||     4
    Use: Scroll            |       |     5 |     8 |     9 |     1 ||    23
         Potion            |       |       |       |       |     2 ||     2
 Armour: Scale mail        |    16 |    27 |    48 |    43 |       ||   134
         Plate armour      |       |       |       |   180 |   111 ||   291
  Dodge: Dodged            |    25 |    32 |    50 |   131 |    86 ||   324
  Block: Buckler           |    13 |    14 |    62 |    30 |       ||   119
         Reflection        |       |       |     1 |     1 |       ||     2
         Kite shield       |       |       |       |   162 |   101 ||   263

Levels and vault maps discovered:
D:1:      minmay_arrival_plants_in_alcoves, layout_loops_ring, serial_shops,
          nicolae_shop_tiny_glass, minmay_tiny_reverse_x
D:2:      layout_rooms, shapermc_ecumenical_altar_mp_urbaneastern, uniq_natasha
D:3:      layout_rooms, mainiacjoe_overflow_boulevard,
          mainiacjoe_overflow_six_doors_small, hangedman_abyss_or_decor_stabs
D:4:      layout_loops_ring, uniq_crazy_yiuf_cottage
D:5:      minmay_bubble_buster, layout_cave_pods, nicolae_gozag_seed_capital,
          mainiacjoe_overflow_alcove_1, gammafunk_temple_overflow_claw,
          serial_shops, shop
D:6:      layout_rooms, chei_slow_surprise, uniq_prince_ribbit1
D:7:      layout_cave_pools, lemuel_doored_altar, amcnicky_altar_gilded,
          minmay_temple_entry_water_ring, minmay_misc_feat_roman
D:8:      cheibrodos_barr_body, layout_basic, nicolae_hepliaklqana_hazy_memory
D:9:      layout_basic, yredelemnul_altar_generic, zin_statuary,
          lair_entry_dummy
D:10:     layout_loops_cross, serial_shops, shop, nicolae_twisting_strands,
          uniq_psyche
D:11:     layout_loops_ring, orc_david_3, portal_ice_cave_entry_pillars_2,
          serial_shops, nicolae_shop_window_shopping
Lair:1:   layout_loops_ring
Lair:2:   layout_hall_layers, palyth_hydra_swamp_entry,
          minmay_snake_entry_six_corridors, grunt_megastairs_5
Lair:3:   gammafunk_worm_tunnel, layout_gridlike, lemuel_fruit_fields
Lair:4:   layout_regular_city, slime_entry_1, ebering_ghost_reflecting_pool,
          lemuel_fruit_tree, grunt_megastairs_3
Lair:5:   gammafunk_lair_ancient_temple, layout_long_grid

Table legend: (Time is in decaauts)
 A = Elapsed time spent in this place.
 B = Non-inter-level travel time spent in this place.
 C = Inter-level travel time spent in this place.
 D = Time resting spent in this place.
 E = Time spent auto-exploring this place.
 F = Levels seen in this place.
 G = Mean time per level.
                   A        B        C        D        E       F      G
               +--------+--------+--------+--------+--------+-----+--------+
         Total |  15064 |  14519 |    545 |   2547 |   9938 |  16 |  941.5 |
       Dungeon |  10698 |  10251 |    447 |   2124 |   6754 |  11 |  972.5 |
          Lair |   4366 |   4268 |     98 |    423 |   3183 |   5 |  873.2 |
               +--------+--------+--------+--------+--------+-----+--------+

Top non-repeatable levels by time:
     D:8: 1468 daAuts
     D:5: 1461 daAuts
    D:10: 1390 daAuts
  Lair:4: 1270 daAuts
  Lair:2: 1162 daAuts
     D:6: 1024 daAuts
  Lair:1: 1004 daAuts
    D:11: 930 daAuts
     D:4: 853 daAuts
     D:9: 815 daAuts
     D:2: 772 daAuts
     D:1: 761 daAuts
     D:3: 691 daAuts
  Lair:3: 669 daAuts
     D:7: 530 daAuts

Table legend:
 A = Kills in this place as a percentage of kills in the entire game.
 B = Kills by you in this place as a percentage of kills by you in the entire game.
 C = Kills by friends in this place as a percentage of kills by friends in the entire game.
 D = Other kills in this place as a percentage of other kills in the entire game.
 E = Experience gained in this place as a percentage of experience gained in the entire game.
 F = Experience gained in this place divided by the number of levels of this place that you have seen.
                   A       B       C       D       E      F
               +-------+-------+-------+-------+-------+----------------------
         Total | 100.0 | 100.0 |   N/A |   N/A | 100.0 | 3532.4
       Dungeon |  61.7 |  61.7 |   N/A |   N/A |  31.1 | 1596.2
          Lair |  38.3 |  38.3 |   N/A |   N/A |  68.9 | 7792.2
               +-------+-------+-------+-------+-------+----------------------
